 Dungeon Crawl Stone Soup version 0.30-a0-912-ge10d75a369 (webtiles) character file.

Game seed: 15058606582477589935

15346 M4edhros the Blocker (level 12, -18/82 HPs)
             Began as an Octopode Artificer on Mar 19, 2023.
             Was an Elder of Cheibriados.
             Demolished by an azure jelly (40 damage)
             ... in an ice cave.
             The game lasted 00:19:32 (11101 turns).

M4edhros the Blocker (Octopode Artificer)          Turns: 11101, Time: 00:19:33

Health: -18/82     AC:  1    Str: 21    XL:     12   Next: 26%
Magic:  12/12      EV: 25    Int: 23    God:    Cheibriados [****..]
Gold:   593        SH: 20    Dex: 28    Spells: 8/11 levels left

rFire   + . .      SeeInvis .      - Unarmed
rCold   . . .      Faith    .    k - +0 kite shield
rNeg    . . .      Spirit   .    (helmet restricted)
rPois   +          Reflect  +    j - amulet of reflection
rElec   .          Rampage  .    e - +5 ring of evasion
rCorr   .                        B - ring of willpower
Will    +....                    C - ring of protection from fire
Stlth   ++++                     E - ring of poison resistance
HPRegen 0.33/turn                (no ring)
MPRegen 0.13/turn                (no ring)
                                 (no ring)
                                 (no ring)

@: mighty, studying Shields, very slow
A: almost no armour, amphibious, 8 rings, camouflage 1, gelatinous body 1,
(nimble swimmer 1), tentacles
a: Renounce Religion, Bend Time, Temporal Distortion, Slouch


You were in an ice cave.
You worshipped Cheibriados.
Cheibriados was greatly pleased with you.
You visited 2 branches of the dungeon, and saw 12 of its levels.
You also visited: Ice Cave.

You collected 1165 gold pieces.
You spent 572 gold pieces at shops.

Inventory:

Hand Weapons
 a - a +1 sling of freezing
Missiles
 g - 4 throwing nets
 z - 10 poisoned darts (quivered)
Armour
 k - a +0 kite shield (worn)
Jewellery
 e - a +5 ring of evasion (left tentacle)
 j - an amulet of reflection (around mantle)
 B - a ring of willpower (right tentacle)
 C - a ring of protection from fire (on tentacle)
 E - a ring of poison resistance (on tentacle)
Wands
 b - a wand of flame (12)
 d - a wand of iceblast (8)
 t - a wand of polymorph (11)
 x - a wand of paralysis (5)
Scrolls
 f - 6 scrolls of teleportation
 i - 2 scrolls of torment
 n - a scroll of magic mapping
 o - a scroll of enchant armour {unknown}
 r - 2 scrolls of poison
 y - 2 scrolls of immolation
 D - 2 scrolls of vulnerability
 I - 3 scrolls of fear
Potions
 h - 2 potions of cancellation
 l - a potion of brilliance
 m - a potion of lignification {unknown}
 v - 2 potions of ambrosia
 A - a potion of haste
 F - a potion of curing
 H - a potion of flight {unknown}
 J - a potion of degeneration {unknown}


   Skills:
 + Level 8.0 Fighting
 + Level 8.3 Dodging
 - Level 1.3 Stealth
 * Level 12.2 Shields
 * Level 11.3 Unarmed Combat
 + Level 5.1 Ice Magic
 - Level 3.2 Evocations


You had 8 spell levels left.
You knew the following spells:

 Your Spells              Type           Power      Damage    Failure   Level
a - Ozocubu's Armour      Ice            23%        N/A       11%         3

Your spell library contained the following spells:

 Spells                   Type           Power      Damage    Failure   Level
 Slow                     Hex            0%         N/A       30%         1
 Scorch                   Fire           0%         2d5       43%         2
 Sublimation of Blood     Necr           0%         N/A       43%         2
 Wereblood                Tmut           0%         N/A       43%         2
 Confusing Touch          Hex            0%         N/A       67%         3
 Dazzling Flash           Conj/Hex       0%         N/A       67%         3
 Inner Flame              Hex/Fire       0%         N/A       67%         3
 Kindle Blastsparks       Fire/Tloc/Air  0%         2d10      67%         3
 Vampiric Draining        Necr           0%         2d6       67%         3
 Flame Wave               Conj/Fire      0%         2d4       97%         4
 Fulminant Prism          Conj/Hex       0%         3d5       97%         4
 Iskenderun's Mystic Bla  Conj/Tloc      0%         2d3       97%         4
 Sticky Flame             Conj/Fire      0%         2d3       97%         4
 Agony                    Necr           0%         N/A       100%        5
 Lee's Rapid Deconstruct  Erth           0%         3d4*      100%        5
 Silence                  Hex/Air        0%         N/A       100%        5
 Summon Cactus Giant      Summ           0%         N/A       100%        6
 Ozocubu's Refrigeration  Ice            11%        4d10      100%        7
 Summon Hydra             Summ           0%         N/A       100%        7


Dungeon Overview and Level Annotations

Branches:
Dungeon (11/15)            Temple (1/1) D:7            Lair (0/5) D:11
    Orc (0/2) D:10          IceCv (1/1)

Altars:
Ashenzari
Cheibriados
Dithmenos
Elyvilon
Fedhas
Gozag
Kikubaaqudgha
Makhleb
Nemelex Xobeh
Okawaru
Qazlal
Ru
Sif Muna
Uskayaw
Vehumet
Wu Jian
Xom
Yredelemnul
Zin
The Shining One

Shops:
D:5 ?   D:6 !   D:10 (


Innate Abilities, Weirdness & Mutations

You cannot wear most types of armour.
You are amphibious.
You can wear up to eight rings at the same time.
Your skin changes colour to match your surroundings (Stealth+).
Your rubbery body absorbs attacks. (AC +1, EV +1)
((You are camouflaged when in or above water. (Stealth+)))
You have tentacles for arms and can constrict up to eight enemies at once.


Message History

The puff of flame hits the azure jelly!
The azure jelly is burned terribly!
The azure jelly is moderately wounded.
Unknown command.
Aiming: Throw Flame
Press: ? - help, Shift-Dir - straight line, f/p - azure jelly
Aim: an azure jelly (moderately wounded, 71% to hit)
The puff of flame misses the azure jelly.
Aiming: Paralyse
Press: ? - help, Shift-Dir - straight line, f/p - azure jelly
Aim: an azure jelly (moderately wounded, chance to affect: 12%)
Okay, then.
You feel very mighty all of a sudden. The azure jelly hits you.
The azure jelly freezes you!!!
Ouch! That really hurt!
You block the azure jelly's attack. The azure jelly hits you!
* * * LOW HITPOINT WARNING * * *
You block the azure jelly's attack.
Okay, then.
Okay, then.
Aiming: Quicksilver Bolt
Press: ? - help, Shift-Dir - straight line, f/p - azure jelly
Aim: an azure jelly (moderately wounded, 74% to hit)
The bolt of dispelling energy hits the azure jelly!!
The azure jelly is severely wounded.
The azure jelly hits you but does no damage.
You block the azure jelly's attack. x3
Aiming: Quicksilver Bolt
Press: ? - help, Shift-Dir - straight line, f/p - azure jelly
Aim: an azure jelly (severely wounded, 74% to hit)
The bolt of dispelling energy hits the azure jelly!!
The azure jelly is almost dead.
The now-empty wand crumbles to dust.
The azure jelly misses you.
You block the azure jelly's attack. x2; The azure jelly misses you.
Unknown command.
You tentacle-slap the azure jelly.
The azure jelly is almost dead.
The azure jelly hits you.
* * * LOW HITPOINT WARNING * * *
The azure jelly freezes you!!!
You die...

..#...#...##...#...#(.#
.##..##.......##.(....#
.##..#....##..##......#
.#..##..####..##......#
##..#...# #..##......#
#..##..## #..##.##..##
#..##..# ##..##..##.#
#...#..## #..###..####
##..##..###..###@..#
.#..##..##...##.J..#
.##.##...#...##.....#
..#..#.......#.......#
..#....#....##.......#
..##...#....#.(.#.#...#
#..#...##..##.........#
#..##...##.##..# _.#..#
##..##..#####.. .....#


You could see an azure jelly.

Vanquished Creatures
  2 quicksilver oozes (IceCv)
  A two-headed ogre (D:8)
  3 ice statues (IceCv)
  A cyclops (D:11)
  16 slime creatures (IceCv)
  An unseen horror (D:11)
  A komodo dragon (D:10)
  3 trolls
  Prince Ribbit (D:7)
  A hornet (D:9)
  A vampire (D:10)
  2 wyverns (D:9)
  Eustachio (D:5)
  11 yaks
  A steam dragon (D:8)
  2 vampire mosquitoes (D:10)
  2 acid dragons
  2 water moccasins
  4 sky beasts
  An ice beast (D:6)
  An orc warrior (D:9)
  3 black bears
  4 ogres
  2 great orb of eyes simulacra (IceCv)
  A phantom (D:5)
  2 centaurs
  3 slime creature simulacra (IceCv)
  A kobold brigand (D:6)
  3 bullfrogs
  3 glowing shapeshifter simulacra (IceCv)
  A gnoll sergeant (D:8)
  2 scorpions
  4 wights (D:9)
  12 killer bees
  2 howler monkeys (D:7)
  3 jellies
  2 orc priests
  4 hounds
  An iguana (D:6)
  A sleepcap (D:5)
  A scorpion zombie (D:3)
  Ijyb (D:5)
  7 orc wizards
  3 shapeshifter simulacra (IceCv)
  2 hound zombies (D:3)
  2 gnolls (D:8)
  2 adders
  A river rat (D:5)
  A shadow imp (D:7)
  13 white imps
  2 worms
  3 dart slugs
  8 orcs
  7 ball pythons
  2 bats
  6 endoplasms
  6 giant cockroaches
  4 goblins
  4 hobgoblins
  3 quokkas
  5 frilled lizards
  10 kobolds
  7 rats
212 creatures vanquished.

Vanquished Creatures (collateral kills)
  A slime creature (IceCv)
  A yak (D:8)
  A glowing shapeshifter simulacrum (IceCv)
  A scorpion (D:5)
  2 gnolls (D:8)
  An adder (D:5)
  An ufetubus (D:5)
  4 orcs (D:9)
12 creatures vanquished.

Vanquished Creatures (others)
  A slime creature (IceCv)
  3 yaks
  An endoplasm (D:4)
  28 fungi
  10 plants (D:8)
43 creatures vanquished.

Grand Total: 267 creatures vanquished

Notes
Turn   | Place    | Note
-------+----------+-------------------------------------------
     0 | D:1      | M4edhros the Octopode Artificer began the quest for the
                  | Orb.
     0 | D:1      | Reached XP level 1. HP: 13/13 MP: 1/1
   300 | D:1      | Reached skill level 1 in Unarmed Combat
   300 | D:1      | Reached XP level 2. HP: 15/18 MP: 2/2
   591 | D:3      | Reached XP level 3. HP: 22/23 MP: 3/3
   818 | D:3      | Found a basalt altar of Yredelemnul.
   867 | D:3      | Reached XP level 4. HP: 17/29 MP: 4/4
  1282 | D:4      | Noticed an ogre
  1285 | D:4      | HP: 1/29 [ogre/+0 giant spiked club (28)]
  1286 | D:4      | Killed an ogre
  1287 | D:4      | Reached XP level 5. HP: 1/35 MP: 5/5
  1396 | D:4      | Found a shimmering blue altar of Sif Muna.
  1487 | D:4      | Noticed an ogre
  1495 | D:4      | Killed an ogre
  1496 | D:4      | Reached XP level 6. HP: 23/42 MP: 6/6
  1789 | D:4      | Found a broken altar of Ashenzari.
  1796 | D:4      | Saw a vision of the Shoals and the Spider Nest.
  1796 | D:4      | Noticed a redback
  1796 | D:4      | Noticed an orb spider
  1796 | D:4      | Noticed a snapping turtle
  1796 | D:4      | Noticed a pharaoh ant
  1796 | D:4      | Noticed a redback
  1796 | D:4      | Noticed a steelbarb worm
  1796 | D:4      | Noticed a wind drake
  1796 | D:4      | Noticed a tarantella
  1796 | D:4      | Noticed a sea snake
  1796 | D:4      | Noticed a merfolk impaler
  1796 | D:4      | Noticed a demonic crawler
  1796 | D:4      | Noticed a redback
  1796 | D:4      | Noticed a merfolk siren
  1796 | D:4      | Noticed a skyshark
  1797 | D:4      | Noticed a redback
  1797 | D:4      | Noticed a sea snake
  1798 | D:4      | Noticed a jumping spider
  1798 | D:4      | Noticed a redback
  1798 | D:4      | Noticed a steelbarb worm
  1799 | D:4      | Noticed a pharaoh ant
  1846 | D:4      | Noticed a tarantella
  1970 | D:5      | Entered Level 5 of the Dungeon
  1970 | D:5      | Noticed a black bear
  1976 | D:5      | Killed a black bear
  2004 | D:5      | Reached XP level 7. HP: 46/46 MP: 7/7
  2031 | D:5      | Reached skill level 1 in Shields
  2196 | D:5      | Found Yfuhiomi's Magic Scroll Boutique.
  2220 | D:5      | Noticed Ijyb
  2231 | D:5      | Killed Ijyb
  2232 | D:5      | Reached skill level 5 in Unarmed Combat
  2259 | D:5      | Noticed Eustachio
  2271 | D:5      | Killed Eustachio
  2272 | D:5      | Reached skill level 2 in Shields
  2403 | D:5      | Reached skill level 3 in Shields
  2403 | D:5      | Reached XP level 8. HP: 41/54 MP: 8/8
  2701 | D:5      | Noticed a yak
  2705 | D:5      | Noticed a yak
  2709 | D:5      | Noticed a yak
  2715 | D:5      | Noticed a yak
  2716 | D:5      | Killed a yak
  2717 | D:5      | Reached skill level 5 in Dodging
  2717 | D:5      | Noticed a yak
  2719 | D:5      | Noticed a yak
  2725 | D:5      | Killed a yak
  2726 | D:5      | Reached skill level 4 in Shields
  2733 | D:5      | Killed a yak
  2740 | D:5      | Killed a yak
  2741 | D:5      | Reached XP level 9. HP: 53/60 MP: 9/9
  2757 | D:5      | Reached skill level 5 in Fighting
  2757 | D:5      | Reached skill level 5 in Shields
  2872 | D:6      | Found Feor's Distillery.
  2964 | D:6      | Found a glowing golden altar of the Shining One.
  3530 | D:6      | Reached skill level 6 in Shields
  4179 | D:7      | Noticed Prince Ribbit
  4264 | D:7      | Killed Prince Ribbit
  4329 | D:7      | Found a staircase to the Ecumenical Temple.
  4407 | Temple   | Entered the Ecumenical Temple
  4686 | Temple   | Became a worshipper of Cheibriados the Contemplative
  5344 | D:3      | Learned a level 3 spell: Ozocubu's Armour
  5465 | D:2      | Reached XP level 10. HP: 68/68 MP: 10/10
  6064 | D:3      | Found a sparkling altar of Nemelex Xobeh.
  6198 | D:7      | Identified the +3 leather armour of Adoum {Contam Harm
                  | Str+3 Slay+6}
  6560 | D:8      | Reached skill level 7 in Shields
  6737 | D:8      | Reached skill level 1 in Ice Magic
  6956 | D:8      | Reached * piety under Cheibriados
  7287 | D:8      | Noticed a two-headed ogre
  7311 | D:8      | Killed a two-headed ogre
  7411 | D:8      | Identified a scroll of acquirement
  7412 | D:8      | Acquired 527 gold pieces
  7491 | D:5      | Bought a scroll of acquirement for 572 gold pieces
  7491 | D:5      | Acquired a manual of Shields
  7735 | D:8      | Found a sacrificial altar of Ru.
  7801 | D:8      | Found a blossoming altar of Fedhas.
  8263 | D:9      | Reached skill level 8 in Shields
  8575 | D:9      | Found a white marble altar of Elyvilon.
  8906 | D:9      | Found a shimmering altar of Xom.
  8912 | D:9      | Reached ** piety under Cheibriados
  9175 | D:9      | Found a hide-covered altar of Uskayaw.
  9220 | D:10     | Entered Level 10 of the Dungeon
  9225 | D:10     | Reached skill level 9 in Shields
  9225 | D:10     | Reached XP level 11. HP: 74/74 MP: 11/11
  9334 | D:10     | Found a staircase to the Orcish Mines.
  9432 | D:10     | Found Biazimapn's Weapon Boutique.
  9448 | D:10     | Reached skill level 10 in Unarmed Combat
  9775 | D:10     | Reached *** piety under Cheibriados
  9828 | D:10     | Found a shadowy altar of Dithmenos.
  9941 | D:11     | Found a staircase to the Lair.
  9948 | D:11     | Noticed a cyclops
  9955 | D:11     | Killed a cyclops
  9956 | D:11     | Reached skill level 10 in Shields
 10132 | D:11     | Found a frozen archway.
 10162 | IceCv    | Entered an ice cave
 10417 | IceCv    | Noticed a quicksilver ooze
 10570 | IceCv    | Killed a quicksilver ooze
 10570 | IceCv    | Reached **** piety under Cheibriados
 10571 | IceCv    | Reached skill level 11 in Shields
 10705 | IceCv    | Noticed a quicksilver ooze
 10717 | IceCv    | Killed a quicksilver ooze
 10724 | IceCv    | Reached XP level 12. HP: 50/82 MP: 0/12
 10824 | IceCv    | Reached skill level 5 in Ice Magic
 10849 | IceCv    | Reached skill level 12 in Shields
 11090 | IceCv    | Found a viscous altar of Jiyva.
 11090 | IceCv    | Noticed an azure jelly
 11101 | IceCv    | Demolished by an azure jelly

Illustrated notes

Levels and vault maps discovered:
D:1:      spicycebolla_green_bress_n_ham, layout_basic,
          nicolae_figureground_pulse
D:2:      layout_rooms, minmay_split_cup_small
D:3:      layout_basic, nicolae_yredelemnul_corpse_copse,
          gammafunk_temple_overflow_statue
D:4:      layout_basic, led_sif_pool, grunt_ashenzari_visionary
          [grunt_ashenzari_visionary_shoals, grunt_ashenzari_visionary_spider],
          serial_aquarium, aquarium_bridge_island_small
          [aquarium_subvault_small_open, aquarium_subvault_bridge,
          aquarium_subvault_wall, aquarium_subvault_window,
          aquarium_subvault_bridge], aquarium_window_1, aquarium_window_2,
          aquarium_window_fake, aquarium_view_2e, aquarium_balcony_5a,
          aquarium_pool_2, hangedman_minor_gate_pass
D:5:      layout_cave_pools, portal_sewer_entry_e, serial_shops, shop,
          grunt_ministairs_1, uniq_eustachio, uniq_ijyb
D:6:      layout_basic, tso_altar, serial_shops, nicolae_stop_n_shop_1,
          serial_aquarium, aquarium_bridge_long_separate
          [aquarium_subvault_bridge, aquarium_subvault_bridge,
          aquarium_subvault_window, aquarium_subvault_bridge,
          aquarium_subvault_balcony, aquarium_subvault_wall],
          aquarium_window_fake, aquarium_window_3, aquarium_window_2,
          aquarium_window_2, aquarium_view_2e, aquarium_view_2b,
          roderic_roman_lattice, chequers_serial_rivers_small_3
D:7:      layout_rooms, minmay_temple_entry_grid, hangedman_decor_push,
          uniq_prince_ribbit1
D:8:      layout_gridville, mainiacjoe_overflow_alcove_2,
          fedhas_altar_decomposition
D:9:      layout_loops_cross, lemuel_round_altar, mainiacjoe_overflow_alcove_1,
          nicolae_overflow_hidden_temple
D:10:     layout_rooms, mainiacjoe_overflow_six_doors_small, orc_0_dummy,
          serial_shops, shop
D:11:     layout_basic, lair_entry_dummy, portal_ice_cave_entry_imps,
          nzn_wu_jian_council_hall
Temple:   jpeg_temple_island
IceCv:    ice_cave_hellmonk_azure_passage

Skill      XL: |  1  2  3  4  5  6  7  8  9 10 11 12 |
---------------+-------------------------------------+-----
Unarmed Combat | 1 2 3 4 5 6 8 9 11 | 11.3
Fighting       | 2 3 4 5 6 7 8 |  8.0
Dodging        | 3 4 5 6 7 8 |  8.3
Shields        | 3 4 6 9 11 12 | 12.2
Ice Magic      | 3 4 5 |  5.1
Stealth        | |  1.3
Evocations     | |  3.2

Action                     |  1- 3 |  4- 6 |  7- 9 | 10-12 || total
---------------------------+-------+-------+-------+-------++-------
  Melee: Unarmed           |    64 |    39 |   225 |   408 ||   736
         Constrict         |    19 |    10 |    31 |    42 ||   102
         Tentacles         |    14 |    10 |    56 |   122 ||   202
         Punch             |     3 |     3 |    15 |    34 ||    55
  Throw: Dart              |       |       |       |     4 ||     4
   Cast: Ozocubu's Armour  |       |       |       |     1 ||     1
  Evoke: Wand              |       |     7 |    14 |    33 ||    54
    Use: Potion            |       |     3 |       |    11 ||    14
         Scroll            |       |       |       |    17 ||    17
   Stab: Sleeping          |     7 |     4 |     6 |    11 ||    28
         Paralysed         |       |       |       |    10 ||    10
         Invisible         |       |       |       |     2 ||     2
         Distracted        |       |       |       |     1 ||     1
 Armour: Skin              |     7 |     2 |     5 |     6 ||    20
  Dodge: Dodged            |    32 |    15 |   102 |   177 ||   326
  Block: Kite shield       |     5 |    14 |   118 |   330 ||   467
         Reflection        |       |       |     3 |     4 ||     7

Table legend: (Time is in decaauts)
 A = Elapsed time spent in this place.
 B = Non-inter-level travel time spent in this place.
 C = Inter-level travel time spent in this place.
 D = Time resting spent in this place.
 E = Time spent auto-exploring this place.
 F = Levels seen in this place.
 G = Mean time per level.
                   A        B        C        D        E       F      G
               +--------+--------+--------+--------+--------+-----+--------+
         Total |  12720 |  11726 |    994 |    283 |   8759 |  13 |  978.5 |
       Dungeon |  11191 |  10238 |    953 |      0 |   8489 |  11 | 1017.4 |
        Temple |    320 |    279 |     41 |      0 |    267 |   1 |  320.0 |
      Ice Cave |   1208 |   1208 |      0 |    283 |      3 |   1 | 1208.0 |
               +--------+--------+--------+--------+--------+-----+--------+

Top non-repeatable levels by time:
     D:9: 1652 daAuts
     D:8: 1473 daAuts
     D:6: 1347 daAuts
     D:3: 1339 daAuts
   IceCv: 1208 daAuts
     D:5: 1057 daAuts
     D:4: 989 daAuts
    D:10: 898 daAuts
     D:1: 777 daAuts
     D:7: 723 daAuts
     D:2: 576 daAuts
    D:11: 356 daAuts
  Temple: 320 daAuts
